[Event "January 9 Late 2024"]
[Site "https://www.chess.com"]
[Date "2024.01.09"]
[Round "8"]
[White "Smirnov, Anton"]
[Black "Caruana, Fabiano"]
[Result "0-1"]
[Board "15"]
[TimeControl "180+1"]
[WhiteFideId "3208923"]
[BlackFideId "2020009"]
[WhiteElo "2931"]
[BlackElo "3019"]
[WhiteTeam "AUS"]
[BlackTeam "USA"]
[WhiteClock "0:00:18"]
[BlackClock "0:00:06"]

1. e4 c5 2. Nf3 Nc6 3. d4 cxd4 4. Nxd4 Nf6 5. Nc3 e5 6. Ndb5 d6 7. Bg5 a6 8. Na3 b5 9. Nd5 Be7 10. Bxf6 Bxf6 11. c4 b4 12. Nc2 a5 13. Qf3 Be6 14. Rd1 Be7 15. c5 dxc5 16. Nf6+ Bxf6 17. Rxd8+ Rxd8 18. Bb5 Rd6 19. Ne3 O-O 20. Bxc6 Rxc6 21. Nd5 Bxd5 22. exd5 Rd6 23. O-O Rfd8 24. Rd1 e4 25. Qxe4 Bxb2 26. g3 g6 27. Kg2 Bd4 28. Qe2 a4 29. Qb5 a3 30. Re1 Rxd5 31. Re2 Kg7 32. h4 h5 33. Qc4 Rf5 34. Rd2 Re5 35. Rd3 Rd6 36. Rd2 Re4 37. Rd3 Rf6 38. Rd2 Rfe6 39. Qd3 Bc3 40. Rc2 c4 41. Qd5 Rd4 42. Qc5 Rde4 43. Rxc3 bxc3 44. Qxa3 Re2 45. Qxc3+ Rf6 46. a4 Rxf2+ 47. Kh3 Rf3 48. Qxc4 R6f5 49. Qb4 Kh7 50. a5 Rf1 51. a6 Ra1 52. Qb7 Rf2 53. a7 Raa2 54. Qh1 Rxa7 55. Qg1 Raa2 56. Qh1 Rh2+ 57. Qxh2 Rxh2+ 58. Kxh2 Kg7 59. Kg2 Kf6 60. Kf2 Kf5 61. Kf3 f6 62. g4+ hxg4+ 63. Kg3 g5 64. h5 Ke6 0-1

[Event "January 9 Late 2024"]
[Site "https://www.chess.com"]
[Date "2024.01.09"]
[Round "8"]
[White "Yoo, Christopher Woojin"]
[Black "Gokerkan, Cem Kaan"]
[Result "1-0"]
[Board "16"]
[TimeControl "180+1"]
[WhiteFideId "30909694"]
[BlackFideId "6336760"]
[WhiteElo "2983"]
[BlackElo "2840"]
[WhiteTeam "USA"]
[BlackTeam "TUR"]
[WhiteClock "0:00:03"]
[BlackClock "0:00:00"]

1. d4 Nf6 2. c4 e6 3. Nf3 d5 4. g3 Be7 5. Bg2 O-O 6. O-O dxc4 7. Qc2 a6 8. a4 Bd7 9. Bg5 Bc6 10. Nc3 Nbd7 11. e4 b5 12. Rfd1 b4 13. d5 exd5 14. Nxd5 Nxd5 15. exd5 Bb7 16. h4 h6 17. Bxe7 Qxe7 18. Qxc4 Nb6 19. Qb3 Rad8 20. Nd4 Bxd5 21. Bxd5 Rxd5 22. a5 c5 23. axb6 Rxd4 24. Rxd4 cxd4 25. Qd3 Qd6 26. Rxa6 Rb8 27. b7 Qc7 28. Qxd4 Qxb7 29. Rd6 Qe7 30. Rd7 Qe8 31. b3 Rc8 32. Kg2 h5 33. Qd5 g6 34. Rd6 Kh7 35. Qd4 Qe1 36. Rf6 Kg8 37. Rd6 Qc3 38. Qd5 Kg7 39. Rd7 Rf8 40. Rb7 Qe1 41. Qd4+ Kg8 42. Rxb4 Qe6 43. Qc5 Rc8 44. Qd4 Qc6+ 45. Qe4 Qc3 46. Rc4 Rxc4 47. bxc4 Qb4 48. Qd5 Kf8 49. c5 Qb5 50. Qd6+ Kg7 51. c6 Qc4 52. c7 Qe4+ 53. Kh2 Qc2 54. Qf4 f6 55. Kg2 Qc6+ 56. Kg1 Qc2 57. Qd6 Qc1+ 58. Kg2 Qc2 59. Qd7+ Kh6 60. c8=Q 1-0

[Event "January 9 Late 2024"]
[Site "https://www.chess.com"]
[Date "2024.01.09"]
[Round "8"]
[White "Naroditsky, Daniel"]
[Black "Anton Guijarro, David"]
[Result "1-0"]
[Board "17"]
[TimeControl "180+1"]
[WhiteFideId "2026961"]
[BlackFideId "2285525"]
[WhiteElo "3135"]
[BlackElo "2975"]
[WhiteTeam "USA"]
[BlackTeam "ESP"]
[WhiteClock "0:00:38"]
[BlackClock "0:00:00"]

1. e4 c5 2. c3 Nf6 3. e5 Nd5 4. Nf3 d6 5. Bb5+ Nc6 6. d4 cxd4 7. O-O Bd7 8. Bc4 Nb6 9. Bxf7+ Kxf7 10. e6+ Kg8 11. exd7 Qxd7 12. cxd4 e6 13. Nc3 d5 14. Bf4 Bd6 15. Bxd6 Qxd6 16. Re1 Rf8 17. Ng5 Rf6 18. Qg4 h5 19. Qh3 Rhh6 20. Rad1 Qf4 21. Qg3 Nxd4 22. Rxd4 Qxd4 23. Rxe6 Nd7 24. Re7 Nf8 25. Rxg7+ Kh8 26. Nf7+ Rxf7 27. Rxf7 Ne6 28. Qb8+ 1-0

[Event "January 9 Late 2024"]
[Site "https://www.chess.com"]
[Date "2024.01.09"]
[Round "8"]
[White "Bellahcene, Bilel"]
[Black "Makarian, Rudik"]
[Result "1/2-1/2"]
[Board "18"]
[TimeControl "180+1"]
[WhiteFideId "696358"]
[BlackFideId "44105681"]
[WhiteElo "2616"]
[BlackElo "3069"]
[WhiteTeam "ALG"]
[BlackTeam "FID"]
[WhiteClock "0:00:10"]
[BlackClock "0:00:05"]

1. e4 c5 2. Nf3 d6 3. d4 cxd4 4. Nxd4 Nf6 5. Nc3 Nc6 6. h3 e6 7. Be3 Be7 8. g4 h6 9. Qe2 Nxd4 10. Bxd4 e5 11. Be3 Be6 12. Qb5+ Qd7 13. O-O-O a6 14. Qxd7+ Bxd7 15. f4 Bc6 16. Bg2 Nd7 17. f5 b5 18. h4 b4 19. Nd5 Bxd5 20. exd5 Bd8 21. g5 Bb6 22. Bd2 a5 23. Bf1 hxg5 24. Bxg5 f6 25. Bd2 Ke7 26. Bb5 Rh5 27. Rdf1 Rah8 28. Be1 R8h7 29. Be2 R5h6 30. h5 Be3+ 31. Kb1 Nc5 32. Rh3 Bg5 33. a3 Ne4 34. axb4 axb4 35. Bxb4 Bd2 36. Ba3 Bf4 37. Ka2 Ng3 38. Rxg3 Bxg3 39. Rg1 Bf4 40. b4 e4 41. Rg4 Be5 42. Rxe4 Rxh5 43. Bxh5 Rxh5 44. b5 Rxf5 45. b6 Rh5 46. Ra4 Kd7 47. Ra7+ Kc8 48. Rxg7 f5 49. Rf7 f4 50. Kb3 Rh3+ 51. Ka4 Rc3 52. Bb4 Rxc2 53. Kb5 Kb8 54. Ba5 Bc3 55. Rxf4 Bxa5 56. Kxa5 Rc1 57. Rf8+ Kb7 58. Rf7+ Kb8 59. Ka6 Ra1+ 60. Kb5 Rc1 61. Rf6 Kb7 62. Rf7+ Kb8 63. Rd7 Kc8 64. Rxd6 Rb1+ 65. Kc5 Rc1+ 66. Kd4 Kb7 67. Re6 Rd1+ 68. Ke5 Rh1 69. Kf6 Rh6+ 70. Kg7 Rh5 71. Rd6 Rf5 72. Kg6 Rf1 73. Rf6 Rd1 74. Rd6 Rf1 75. Kg5 Rf2 76. Rg6 Rd2 77. Rd6 Rf2 78. Kg6 Rf1 1/2-1/2

[Event "January 9 Late 2024"]
[Site "https://www.chess.com"]
[Date "2024.01.09"]
[Round "8"]
[White "Bryakin, Mikhail"]
[Black "Sarana, Alexey"]
[Result "0-1"]
[Board "19"]
[TimeControl "180+1"]
[WhiteFideId "4165314"]
[BlackFideId "24133795"]
[WhiteElo "2838"]
[BlackElo "3039"]
[WhiteTeam "SRB"]
[BlackTeam "SRB"]
[WhiteClock "0:00:00"]
[BlackClock "0:00:05"]

1. c4 e6 2. Nf3 d5 3. d4 Nf6 4. g3 Be7 5. Bg2 O-O 6. O-O dxc4 7. Qc2 a6 8. a4 Bd7 9. Qxc4 b5 10. Qc2 Nc6 11. Bd2 bxa4 12. Rc1 Nd5 13. Nc3 Ncb4 14. Qd1 Nb6 15. Ne4 Bb5 16. Nc5 a5 17. e3 c6 18. Ne5 Qc7 19. Qh5 Bxc5 20. Rxc5 Nd7 21. Nxd7 Qxd7 22. Be4 g6 23. Qh6 f5 24. Bg2 Nd3 25. Rc2 e5 26. dxe5 Nxe5 27. Bc3 Rfe8 28. Qf4 Nd3 29. Qh6 Qe7 30. Rd2 Qf8 31. Qxf8+ Rxf8 32. Bxc6 Bxc6 33. Rxd3 Bf3 34. Rxa4 Rfd8 35. Rad4 Rxd4 36. exd4 Bd5 37. f3 Kf7 38. Kf2 a4 39. Re3 Rc8 40. Re5 Rd8 41. Bb4 Rd7 42. Bc5 Bc4 43. g4 Rb7 44. Ba3 f4 45. Re4 g5 46. h4 h6 47. hxg5 hxg5 48. Re5 Kf6 49. Rf5+ Kg6 50. Rc5 Bb3 51. Rc6+ Kf7 52. Rc5 Kf6 53. Rc6+ Kg7 54. Rc5 Kg6 55. Rc6+ Kh7 56. Rc5 Rg7 57. Bb4 Rg8 58. Bc3 Kg6 59. Rc6+ Kf7 60. Rc5 Ke6 61. Re5+ Kd7 62. Ra5 Kc6 63. Rc5+ Kb6 64. Re5 Kc6 65. Rc5+ Kd6 66. Bb4 Ke6 67. Re5+ Kd7 68. Bc3 Rg6 69. Ra5 Kc7 70. Re5 Kc6 71. Bb4 Bd5 72. Bc3 Rh6 73. Rxg5 Rh2+ 74. Kg1 Rh3 75. Rf5 Rxf3 76. g5 Rg3+ 77. Kh2 Rg2+ 78. Kh3 f3 79. Rf6+ Kb5 80. g6 Be4 81. g7 Rxg7 82. Rf4 Bd5 83. Rf5 Kc4 84. Rf6 Rg8 85. Rf5 Rg6 86. Rf4 Kd3 87. Ba5 Ke3 88. Rf5 Be6 0-1

[Event "January 9 Late 2024"]
[Site "https://www.chess.com"]
[Date "2024.01.09"]
[Round "8"]
[White "Paravyan, David"]
[Black "Mikaelyan, Arman"]
[Result "1-0"]
[Board "20"]
[TimeControl "180+1"]
[WhiteFideId "4194985"]
[BlackFideId "13304852"]
[WhiteElo "3010"]
[BlackElo "2841"]
[WhiteTeam "FID"]
[BlackTeam "ARM"]
[WhiteClock "0:00:53"]
[BlackClock "0:00:03"]

1. e4 c5 2. Nf3 Nc6 3. Bb5 e6 4. O-O Nge7 5. Re1 Ng6 6. c3 d5 7. exd5 Qxd5 8. d4 cxd4 9. c4 Qd6 10. Nxd4 Bd7 11. Bxc6 Bxc6 12. Nc3 Rd8 13. Nxc6 Qxc6 14. Qb3 Bc5 15. Bg5 Rd4 16. Qb5 O-O 17. Qxc6 bxc6 18. b3 Rd3 19. Ne4 Bd4 20. Rad1 Rxd1 21. Rxd1 e5 22. Be3 Rd8 23. g4 Nh4 24. Kf1 f6 25. Ke2 Kf7 26. b4 Ng6 27. a4 a6 28. b5 axb5 29. cxb5 cxb5 30. axb5 Rb8 31. Bxd4 exd4 32. Rxd4 Ne5 33. h3 Ke7 34. Nc3 Ra8 35. f4 Nd7 36. Nd5+ Kd6 37. Nxf6+ Kc5 38. Rd5+ Kc4 39. Nxd7 Ra2+ 40. Rd2 1-0

[Event "January 9 Late 2024"]
[Site "https://www.chess.com"]
[Date "2024.01.09"]
[Round "8"]
[White "Lobanov, Sergei"]
[Black "Salem, A.R. Saleh"]
[Result "0-1"]
[Board "21"]
[TimeControl "180+1"]
[WhiteFideId "24183750"]
[BlackFideId "9301348"]
[WhiteElo "2837"]
[BlackElo "2967"]
[WhiteTeam "FID"]
[BlackTeam "UAE"]
[WhiteClock "0:00:03"]
[BlackClock "0:00:07"]

1. d4 Nf6 2. c4 g6 3. Nc3 Bg7 4. e4 O-O 5. h3 d6 6. Be3 Nc6 7. d5 Ne5 8. f4 Ned7 9. Be2 e5 10. dxe6 fxe6 11. g4 Nc5 12. Qc2 b6 13. g5 Nh5 14. Bxh5 gxh5 15. Nge2 Bb7 16. O-O-O Qe8 17. Rhf1 h4 18. Bd4 e5 19. Bxc5 bxc5 20. f5 Qh5 21. Qd2 Rf7 22. Rg1 Qf3 23. Rdf1 Qxh3 24. Nd5 Kh8 25. f6 Bf8 26. g6 hxg6 27. Qg5 Rh7 28. Qxg6 Bh6+ 29. Kc2 Bxd5 30. f7 Bxe4+ 31. Qxe4 Rf8 32. Rg8+ Rxg8 33. fxg8=Q+ Kxg8 34. Qg6+ Rg7 35. Qe8+ Kh7 36. Rf8 Rg8 37. Rxg8 Qf5+ 38. Kb3 Bg7 39. Qc8 Qf3+ 40. Nc3 h3 41. Rxg7+ Kxg7 42. Qxc7+ Kf6 43. Qxd6+ Kf5 44. Qf8+ Kg4 45. Qg7+ Kf4 46. Qf6+ Kg3 47. Qxe5+ Kg2 48. Qg7+ Kf1 49. Qe5 Kg2 50. Qg7+ Kh1 51. Ka4 h2 52. Nd5 Qg2 53. Qe5 Qf1 54. Qe4+ Kg1 55. Qe3+ Qf2 56. Qg5+ Qg2 57. Qe3+ Qf2 58. Qg5+ Kf1 59. Ne3+ Ke2 60. Ng4 Qd4 61. Nxh2 Qxc4+ 62. Ka5 Qb4+ 63. Ka6 Qb6# 0-1

[Event "January 9 Late 2024"]
[Site "https://www.chess.com"]
[Date "2024.01.09"]
[Round "8"]
[White "Lagarde, Maxime"]
[Black "Kollars, Dmitrij"]
[Result "0-1"]
[Board "22"]
[TimeControl "180+1"]
[WhiteFideId "662399"]
[BlackFideId "12909572"]
[WhiteElo "2836"]
[BlackElo "2966"]
[WhiteTeam "FRA"]
[BlackTeam "GER"]
[WhiteClock "0:02:44"]
[BlackClock "0:02:41"]

1. d4 Nf6 2. Bg5 d5 3. Nd2 c5 4. dxc5 e6 5. e4 Bxc5 6. e5 Qb6 7. exf6 Bxf2+ 8. Ke2 e5 9. fxg7 Rg8 10. Ne4 dxe4 11. Bd8 Qe3# 0-1

[Event "January 9 Late 2024"]
[Site "https://www.chess.com"]
[Date "2024.01.09"]
[Round "8"]
[White "Velikanov, Alexander"]
[Black "Shankland, Sam"]
[Result "1-0"]
[Board "23"]
[TimeControl "180+1"]
[WhiteFideId "2039290"]
[BlackFideId "2004887"]
[WhiteElo "2805"]
[BlackElo "2965"]
[WhiteTeam "USA"]
[BlackTeam "USA"]
[WhiteClock "0:00:45"]
[BlackClock "0:01:15"]

1. e4 c5 2. c3 Nf6 3. e5 Nd5 4. Nf3 Nc6 5. Bc4 Nb6 6. Bb3 d5 7. exd6 Qxd6 8. d4 cxd4 9. Nxd4 Nxd4 10. cxd4 g6 11. Qf3 Be6 12. Bf4 Qd7 13. Be5 f6 14. Bg3 Bxb3 15. axb3 Qd5 16. Qe3 h5 17. Nc3 Qd7 18. h3 h4 19. Bf4 Rh5 20. O-O Nd5 21. Nxd5 Rxd5 22. Ra4 b5 23. Ra6 Kf7 24. Rc1 g5 25. Rc7 gxf4 26. Rxd7 fxe3 27. Rxd5 e2 28. Ra1 e5 29. Re1 Ke6 30. Rxb5 exd4 31. Rxe2+ Kf7 32. Rd5 Rb8 33. Rxd4 Rxb3 34. Rxh4 Bd6 35. Rh7+ Kg6 36. Rxa7 Be5 37. Ra3 Rb4 38. Rxe5 fxe5 39. Re3 1-0

[Event "January 9 Late 2024"]
[Site "https://www.chess.com"]
[Date "2024.01.09"]
[Round "8"]
[White "Bok, Benjamin"]
[Black "Badmatsyrenov, Oleg"]
[Result "0-1"]
[Board "24"]
[TimeControl "180+1"]
[WhiteFideId "1017063"]
[BlackFideId "24115762"]
[WhiteElo "2937"]
[BlackElo "2799"]
[WhiteTeam "NED"]
[BlackTeam "FID"]
[WhiteClock "0:00:00"]
[BlackClock "0:00:04"]

1. d4 Nf6 2. c4 b6 3. Nc3 Bb7 4. Qc2 d5 5. cxd5 Nxd5 6. Nf3 e6 7. e4 Nxc3 8. bxc3 Be7 9. Bb5+ c6 10. Bd3 c5 11. O-O O-O 12. d5 exd5 13. exd5 Qxd5 14. Bxh7+ Kh8 15. Rd1 Qh5 16. Be4 Bc6 17. Bf4 Bf6 18. h3 Re8 19. Bxc6 Nxc6 20. Rd7 Rad8 21. Rad1 Nd4 22. Qa4 b5 23. Qxa7 Ne2+ 24. Kh2 Nxf4 25. Rxd8 Bxd8 26. Qd7 Rg8 27. Re1 Ne6 28. Re5 Qh6 29. Qd5 Bc7 30. g3 Bxe5 31. Nxe5 Rf8 32. Kg2 Kg8 33. Nc6 Qf6 34. h4 g6 35. h5 Kg7 36. hxg6 fxg6 37. f4 Rf7 38. Ne5 Ra7 39. a3 Nf8 40. Ng4 Qe7 41. Ne5 Qb7 42. Nc6 Rxa3 43. Qe5+ Kh7 44. Qd6 Qf7 45. Kh2 Ra2+ 46. Kg1 Ra1+ 47. Kf2 Qa2+ 48. Kf3 Qf7 49. Ne5 Qb7+ 50. Kg4 Qg7 51. Nc6 Rh1 52. Ne5 Qb7 53. Qxc5 Qg7 54. Nf3 Nd7 0-1

[Event "January 9 Late 2024"]
[Site "https://www.chess.com"]
[Date "2024.01.09"]
[Round "8"]
[White "Aravindh, Chithambaram VR."]
[Black "Wafa, Hamed"]
[Result "1-0"]
[Board "25"]
[TimeControl "180+1"]
[WhiteFideId "5072786"]
[BlackFideId "10628452"]
[WhiteElo "2932"]
[BlackElo "2797"]
[WhiteTeam "IND"]
[BlackTeam "EGY"]
[WhiteClock "0:00:04"]
[BlackClock "0:00:00"]

1. e4 c5 2. Nf3 a6 3. b3 Nc6 4. Bb2 d6 5. d4 cxd4 6. Nxd4 Bd7 7. c4 Nf6 8. Nc3 Nxd4 9. Qxd4 g6 10. Be2 Bg7 11. O-O O-O 12. Rad1 Bc6 13. Qe3 Qc7 14. Ba1 b5 15. Nd5 Bxd5 16. cxd5 Nd7 17. Rc1 Qa7 18. Qxa7 Rxa7 19. Bxg7 Kxg7 20. b4 a5 21. bxa5 Nc5 22. Bxb5 Rxa5 23. Rxc5 dxc5 24. a4 g5 25. Rc1 Rc8 26. g3 g4 27. Bd7 Rc7 28. Bc6 Kf6 29. Kf1 Ke5 30. Rc4 e6 31. Ke2 Rc8 32. Ke3 Rb8 33. Bb5 exd5 34. exd5 f5 35. Rxc5 Rd8 36. d6+ Kf6 37. Rd5 Raa8 38. Kf4 Ke6 39. Rxf5 Rxd6 40. Bc4+ Ke7 41. Bb5 Rd4+ 42. Kg5 Rg8+ 43. Kh4 Rd6 44. Kh5 Rgg6 45. Bc4 Rd4 46. Rf7+ Kd6 47. Rxh7 Rf6 48. Bb5 Rxf2 49. Kg5 1-0

[Event "January 9 Late 2024"]
[Site "https://www.chess.com"]
[Date "2024.01.09"]
[Round "8"]
[White "Krzyzanowski, Marcin"]
[Black "Sanal, Vahap"]
[Result "1-0"]
[Board "26"]
[TimeControl "180+1"]
[WhiteFideId "1132199"]
[BlackFideId "6300545"]
[WhiteElo "2778"]
[BlackElo "2931"]
[WhiteTeam "POL"]
[BlackTeam "TUR"]
[WhiteClock "0:00:11"]
[BlackClock "0:00:00"]

1. e4 d6 2. d4 Nf6 3. Nc3 e5 4. Nge2 Be7 5. h3 c6 6. g4 b5 7. Ng3 O-O 8. Bg2 b4 9. Nce2 exd4 10. Qxd4 d5 11. O-O dxe4 12. Nxe4 Nxe4 13. Qxe4 Ba6 14. Bf4 Bf6 15. Rad1 Qe8 16. Rfe1 Qxe4 17. Bxe4 Bxb2 18. Bd6 Re8 19. Bxb4 Bxe2 20. Rxe2 Na6 21. Bxc6 Rxe2 22. Bxa8 h5 23. Re1 Rxe1+ 24. Bxe1 hxg4 25. hxg4 Nc5 26. Bd5 g6 27. Bb4 Bd4 28. c3 Nd3 29. cxd4 Nxb4 30. Bb3 Nc6 31. d5 Ne5 32. Bd1 Kf8 33. Kg2 Ke7 34. f4 Nd3 35. Kf3 Kd6 36. Ba4 Nb4 37. Bb3 Nxd5 38. g5 a5 39. a3 f6 40. gxf6 Nxf6 41. Bc2 Nd5 42. Bxg6 a4 43. Bc2 Nb6 44. Bd3 Kd5 45. Kg4 Kd4 46. Bb5 Kc5 47. Be2 Kd4 48. Kg5 Kc3 49. f5 Kb3 50. f6 Kxa3 51. Bb5 Kb4 52. f7 Kxb5 53. f8=Q Nc4 54. Qb8+ Kc5 55. Kf4 a3 56. Ke4 Nb2 57. Ke3 Kc4 58. Kd2 Na4 59. Kc2 Nc5 60. Qa7 Kb4 61. Qb6+ Kc4 62. Qa5 1-0

[Event "January 9 Late 2024"]
[Site "https://www.chess.com"]
[Date "2024.01.09"]
[Round "8"]
[White "Matlakov, Maxim"]
[Black "Ivanisevic, Ivan"]
[Result "0-1"]
[Board "27"]
[TimeControl "180+1"]
[WhiteFideId "4168003"]
[BlackFideId "912417"]
[WhiteElo "2929"]
[BlackElo "2777"]
[WhiteTeam "RUS"]
[BlackTeam "SRB"]
[WhiteClock "0:00:00"]
[BlackClock "0:00:04"]

1. e4 e5 2. Nf3 Nc6 3. Bc4 Nf6 4. d4 exd4 5. e5 d5 6. Bb5 Nd7 7. O-O Be7 8. c3 d3 9. Re1 a5 10. Bxd3 Nc5 11. Bc2 Bg4 12. Nbd2 O-O 13. Nf1 Qd7 14. h3 Bh5 15. Ng3 Bg6 16. Nd4 Nxd4 17. cxd4 Ne6 18. Be3 c5 19. dxc5 d4 20. Bxg6 fxg6 21. Rc1 Rad8 22. Bd2 Bxc5 23. Ne4 b6 24. Qb3 Qd5 25. Kf1 Rf5 26. Qxd5 Rxd5 27. g4 Rf8 28. a3 d3 29. b4 axb4 30. axb4 Bd4 31. Rc6 Rxe5 32. Rd6 g5 33. Kg2 h6 34. f3 Rc8 35. Rc1 Rc2 36. Rxc2 dxc2 37. Rc6 Nf4+ 38. Bxf4 gxf4 39. Rxc2 Be3 40. h4 Rd5 41. h5 Rd1 42. Rc8+ Kf7 43. Rc7+ Kf8 44. b5 Rg1+ 45. Kh2 Rb1 46. g5 hxg5 47. Nxg5 Rxb5 48. Ne6+ Kg8 49. Nxg7 Rg5 50. Ne6 Rxh5+ 51. Kg2 Rh6 52. Nd8 Rg6+ 53. Kf1 b5 54. Rb7 Rb6 55. Rd7 b4 0-1

[Event "January 9 Late 2024"]
[Site "https://www.chess.com"]
[Date "2024.01.09"]
[Round "8"]
[White "Ibarra Jerez, Jose Carlos"]
[Black "Tristan, Leonardo"]
[Result "1-0"]
[Board "28"]
[TimeControl "180+1"]
[WhiteFideId "2226332"]
[BlackFideId "113816"]
[WhiteElo "2915"]
[BlackElo "2765"]
[WhiteTeam "ESP"]
[BlackTeam "ARG"]
[WhiteClock "0:00:24"]
[BlackClock "0:00:02"]

1. e4 d5 2. exd5 Qxd5 3. Nc3 Qa5 4. d4 Nf6 5. Bd2 Bg4 6. f3 Bd7 7. Bc4 Qb6 8. Nge2 e6 9. Be3 Be7 10. Qd2 O-O 11. O-O-O Qc6 12. Bb3 Nd5 13. Nxd5 exd5 14. Nf4 Be6 15. Rhe1 a5 16. c3 a4 17. Bc2 Nd7 18. Qd3 g6 19. Nxe6 fxe6 20. Bh6 Rf7 21. a3 Bf8 22. Bg5 Bg7 23. h4 Raf8 24. h5 Rf5 25. Qe3 e5 26. Bxf5 Rxf5 27. dxe5 Nxe5 28. hxg6 Qxg6 29. f4 Nf7 30. Qe8+ Bf8 31. g4 Rxg5 32. fxg5 Qxg5+ 33. Kb1 c6 34. Rf1 Qg6+ 35. Rf5 Kg7 36. Rf1 Nd6 37. Qxf8# 1-0

[Event "January 9 Late 2024"]
[Site "https://www.chess.com"]
[Date "2024.01.09"]
[Round "8"]
[White "Chirilov, James A"]
[Black "Gledura, Benjamin"]
[Result "1/2-1/2"]
[Board "29"]
[TimeControl "180+1"]
[WhiteFideId "30976677"]
[BlackFideId "712779"]
[WhiteElo "2745"]
[BlackElo "2896"]
[WhiteTeam "USA"]
[BlackTeam "HUN"]
[WhiteClock "0:00:05"]
[BlackClock "0:00:05"]

1. e4 d6 2. d4 g6 3. Nc3 Bg7 4. f4 Nd7 5. Nf3 c5 6. dxc5 Nxc5 7. Bc4 Be6 8. Bb5+ Bd7 9. Bc4 Rc8 10. Qe2 e6 11. Bd2 Ne7 12. O-O Qb6 13. Kh1 O-O 14. Bb3 a5 15. Be3 a4 16. Nxa4 Bxa4 17. Bxa4 Qxb2 18. Bxc5 Rxc5 19. Rad1 d5 20. Bb3 dxe4 21. Qxe4 Rc7 22. Ng5 Kh8 23. Bxe6 fxe6 24. Nxe6 Qxc2 25. Qxc2 Rxc2 26. Nxf8 Bxf8 27. Rd7 b5 28. Rd8 Kg7 29. Rb8 Rb2 30. Rb7 b4 31. g4 Kg8 32. f5 gxf5 33. gxf5 Rxa2 34. Rxb4 Nd5 35. Rb7 Be7 36. Re1 Kf7 37. Re5 Rd2 38. Kg1 Kf8 39. Kf1 Bc5 40. Re2 Ne3+ 41. Kf2 Nxf5+ 42. Ke1 Rd5 43. Re4 Ne3 44. Rf4+ Ke8 45. Rff7 Nf5 46. Rxh7 Bd6 47. Rh8+ Bf8 48. Rb8+ Ke7 49. Rhxf8 Ke6 50. Rbe8+ Ne7 51. Rf2 Kd7 52. Ref8 Ra5 53. Re2 Nd5 54. Rf7+ Kd6 55. Rf3 Ra1+ 56. Kf2 Rb1 57. Rd3 Kc5 58. Rc2+ Kd6 59. Rcd2 Rb5 60. Kg3 Ke5 61. Rxd5+ Rxd5 62. Rf2 Rd4 63. h4 Rd6 64. Kg4 Rf6 65. Re2+ Kd6 66. Kg5 Rf1 67. h5 Rg1+ 68. Kf6 Rf1+ 69. Kg6 Rg1+ 70. Kf7 Rf1+ 71. Kg6 Rg1+ 72. Kh7 Kd7 73. h6 Kd8 74. Re3 Rg2 75. Re4 Rg1 76. Re5 Rg2 77. Re3 Rg1 78. Re2 Kd7 79. Re4 Rg2 80. Re3 Rg1 81. Re5 Rg2 82. Ra5 Ke7 83. Ra7+ Kf8 84. Ra8+ Kf7 85. Ra7+ Kf8 86. Rg7 Ra2 87. Kh8 Ra1 88. Rg2 Rf1 89. Rg8+ Kf7 90. Kh7 Rf2 91. Rg7+ Kf8 92. Rc7 Rf1 93. Kh8 Rf2 94. Rb7 Rf1 95. Rg7 Rf2 96. Rg3 Rf1 97. Rg2 Rf3 98. Kh7 Rf1 99. Rg3 Kf7 100. Rg4 Rf2 101. Rc4 Rf1 102. Rc7+ Kf8 103. Rg7 Rf2 104. Kh8 Rf1 105. Rg8+ Kf7 106. Rb8 Rf2 107. Rb7+ Kf8 108. Rb8+ Kf7 109. Rg8 Rf1 1/2-1/2

[Event "January 9 Late 2024"]
[Site "https://www.chess.com"]
[Date "2024.01.09"]
[Round "8"]
[White "Melkumyan, Hrant"]
[Black "Weetik, Vjacheslav"]
[Result "1-0"]
[Board "30"]
[TimeControl "180+1"]
[WhiteFideId "13302485"]
[BlackFideId "4153472"]
[WhiteElo "2892"]
[BlackElo "2738"]
[WhiteTeam "ARM"]
[BlackTeam "RUS"]
[WhiteClock "0:02:21"]
[BlackClock "0:00:57"]

1. e4 c6 2. Nf3 d5 3. d3 Bg4 4. h3 Bh5 5. g4 Bg6 6. Qe2 dxe4 7. dxe4 e5 8. Nc3 Nd7 9. h4 h6 10. Bh3 Qc7 11. Bd2 Ngf6 12. O-O-O Bb4 13. h5 Bh7 14. g5 Nxh5 15. Bxd7+ Qxd7 16. Rxh5 Qe6 17. gxh6 Bxc3 18. Bxc3 Qxa2 19. Rxe5+ Kf8 20. hxg7+ 1-0

[Event "January 9 Late 2024"]
[Site "https://www.chess.com"]
[Date "2024.01.09"]
[Round "8"]
[White "Nagare Kaivalya Sandip"]
[Black "Tang, Andrew"]
[Result "1-0"]
[Board "31"]
[TimeControl "180+1"]
[WhiteFideId "25957929"]
[BlackFideId "2059630"]
[WhiteElo "2740"]
[BlackElo "2890"]
[WhiteTeam "IND"]
[BlackTeam "USA"]
[WhiteClock "0:00:19"]
[BlackClock "0:00:02"]

1. e4 e5 2. Nf3 Nc6 3. Bb5 g6 4. O-O Bg7 5. c3 a6 6. Ba4 b5 7. Bb3 Na5 8. Bc2 Ne7 9. d4 exd4 10. cxd4 O-O 11. Nc3 d6 12. h3 Bb7 13. Bg5 h6 14. Bh4 g5 15. Bg3 f5 16. d5 Nc4 17. Rb1 f4 18. Bh2 Nxb2 19. Rxb2 Bxc3 20. Rb3 Be5 21. Nxe5 dxe5 22. Kh1 Qd6 23. Bg1 Rfb8 24. f3 b4 25. a3 a5 26. Qd2 Ba6 27. Rfb1 c5 28. axb4 axb4 29. Bd1 Bb5 30. R3b2 Ba4 31. Be2 Bd7 32. Rc1 Ra5 33. Qc2 Rc8 34. Qb3 Ra3 35. Qc4 Ra5 36. Rbc2 Bb5 37. Qb3 Bxe2 38. Rxe2 Rc7 39. Rec2 Kf7 40. Qc4 Nc8 41. Bxc5 Raxc5 42. Qxc5 Rxc5 43. Rxc5 Ne7 44. Rb5 h5 45. Rb7 g4 46. Rc6 Qd8 47. d6 Qa8 48. Rxe7+ Kf8 49. Rec7 Qa1+ 50. Rc1 Qd4 51. Rc8+ Kf7 52. d7 Qxd7 53. R8c7 Ke7 54. Rxd7+ Kxd7 55. Rc4 1-0

[Event "January 9 Late 2024"]
[Site "https://www.chess.com"]
[Date "2024.01.09"]
[Round "8"]
[White "Khatoev, Eduard"]
[Black "Kuzubov, Yuriy"]
[Result "1/2-1/2"]
[Board "32"]
[TimeControl "180+1"]
[WhiteFideId "24145076"]
[BlackFideId "14112906"]
[WhiteElo "2726"]
[BlackElo "2885"]
[WhiteTeam "RUS"]
[BlackTeam "UKR"]
[WhiteClock "0:00:16"]
[BlackClock "0:00:06"]

1. Nf3 d5 2. e3 g6 3. d4 c5 4. dxc5 Bg7 5. c4 Nf6 6. Nc3 Be6 7. Qa4+ Nc6 8. Nd4 O-O 9. Nxe6 fxe6 10. cxd5 Nxd5 11. Nxd5 Qxd5 12. Qb3 Qf5 13. f4 Kh8 14. Qxb7 Qxc5 15. Qb5 Qd6 16. Qd3 Qb4+ 17. Bd2 Qxb2 18. Rc1 Rfd8 19. Qc2 Rab8 20. a4 Qxc2 21. Rxc2 Nb4 22. Rc5 h6 23. Rb5 Nc2+ 24. Ke2 Rbc8 25. Rb7 Na3 26. Ba5 Rc2+ 27. Kf3 Rd1 28. Rb8+ Kh7 29. Rd8 Ra1 30. Ra8 Rcc1 31. Kf2 Nc4 32. Bxc4 Rxh1 33. Bb5 Rxh2 34. Rxa7 Ra2+ 35. Kf3 Bf6 36. Bb4 Rhxg2 37. Bxe7 Bxe7 38. Rxe7+ Kg8 39. Bc4 Rxa4 40. Bxe6+ Kf8 41. Rf7+ Ke8 42. Kxg2 Re4 43. Bd5 Rxe3 44. Rg7 g5 45. fxg5 hxg5 46. Rxg5 Ke7 47. Kf2 Rc3 48. Rg6 Ra3 49. Be4 Kf7 50. Rc6 Ke7 51. Rh6 Kf7 52. Ke2 Ke7 53. Bd3 Ra5 54. Ke3 Rd5 55. Be4 Rd6 56. Rh7+ Kf6 57. Kf4 Ke6 58. Rh6+ Ke7 59. Rh5 Kf6 60. Rf5+ Ke6 61. Kg5 Rd4 62. Bc6 Rd1 63. Ra5 Rg1+ 64. Kf4 Rd1 65. Be4 Rd6 66. Rg5 Kf6 67. Rg6+ Ke7 68. Rg7+ Kf6 69. Ra7 Re6 70. Bd5 Rd6 71. Ke4 Rb6 72. Rf7+ Kg6 73. Ke5 Rb2 74. Rd7 Rb5 75. Ra7 Rc5 76. Ra3 Rb5 77. Rg3+ Kh5 78. Rg1 Ra5 79. Rg7 Rb5 80. Ke4 Rb4+ 81. Kf5 Kh4 82. Rg6 Rb5 83. Ke5 Kh5 84. Rf6 Ra5 85. Rf2 Kg5 86. Rg2+ Kh5 87. Rg8 Rb5 88. Kd6 Ra5 89. Bc6 Kh6 90. Be4 Kh5 91. Rg2 Ra6+ 92. Ke5 Kh6 93. Kf4 Rf6+ 94. Bf5 Ra6 95. Rh2+ Kg7 96. Rh7+ 1/2-1/2

[Event "January 9 Late 2024"]
[Site "https://www.chess.com"]
[Date "2024.01.09"]
[Round "8"]
[White "Santos Latasa, Jaime"]
[Black "Rozman, Levy"]
[Result "1-0"]
[Board "33"]
[TimeControl "180+1"]
[WhiteFideId "2293307"]
[BlackFideId "2039877"]
[WhiteElo "2884"]
[BlackElo "2719"]
[WhiteTeam "ESP"]
[BlackTeam "USA"]
[WhiteClock "0:00:12"]
[BlackClock "0:00:00"]

1. Nf3 g6 2. d4 Bg7 3. c4 d6 4. Nc3 Bg4 5. e3 Nc6 6. Be2 Nf6 7. h3 Bd7 8. b3 O-O 9. Bb2 e5 10. O-O Re8 11. dxe5 dxe5 12. Nd5 Bf5 13. Nd2 a5 14. a3 e4 15. Bxf6 Bxf6 16. Rb1 Bg7 17. Bg4 Bxg4 18. hxg4 Ne7 19. Nf4 Nc6 20. Qc2 Qh4 21. Nxe4 Qxg4 22. Nd2 Be5 23. Nd5 Ne7 24. Nf3 Nxd5 25. cxd5 Bd6 26. a4 Qh5 27. Rfd1 Re7 28. Rd4 Rae8 29. Rbd1 Qh6 30. Rc4 b6 31. Rdd4 Qg7 32. Rd1 Qf6 33. Kf1 Bb4 34. Rxc7 Rd8 35. Rxe7 Qxe7 36. e4 Bc5 37. Nd4 Qf6 38. Nc6 Re8 39. e5 Qf4 40. d6 Qh2 41. Qe4 f6 42. d7 Qh1+ 43. Ke2 Qh5+ 44. g4 1-0